 Dungeon Crawl Stone Soup version 0.29-a0-834-g1e95ca9f62 (webtiles) character file.

Game seed: 7216866025406678885

41 kevlar127 the Ruffian (level 3, -3/55 HPs)
             Began as a Troll Berserker on July 13, 2022.
             Was a Follower of Trog.
             Slain by a goblin
             ... wielding a +0 dagger
             ... led by Robin
              (5 damage)
             ... on level 2 of the Dungeon.
             The game lasted 00:01:35 (472 turns).

kevlar127 the Ruffian (Troll Berserker)              Turns: 472, Time: 00:01:39

Health: -3/55      AC:  4    Str: 27    XL:     3   Next: 32%
Magic:  2/2        EV: 10    Int:  3    God:    Trog [*.....]
Gold:   46         SH:  0    Dex:  9    Spells: 2/2 levels left

rFire   . . .      SeeInvis .     - Unarmed
rCold   . . .      Faith    .   (no shield)
rNeg    + . .      Spirit   .   a - +0 animal skin
rPois   .          Reflect  .   (helmet restricted)
rElec   .          Harm     .   (no cloak)
rCorr   .          Rampage  .   (gloves unavailable)
Will    .....                   (boots unavailable)
Stlth   ..........              (no amulet)
HPRegen 0.98/turn               f - ring of positive energy
MPRegen 0.08/turn               (no ring)

@: berserking (expiring), very quick
A: large, unfitting armour, claws 3, regeneration 1, shaggy fur 1, tough skin 1
a: Renounce Religion, Berserk


You were on level 2 of the Dungeon.
You worshipped Trog.
Trog was aware of your devotion.
You visited 1 branch of the dungeon, and saw 2 of its levels.

You collected 46 gold pieces.

Inventory:

Missiles
 c - 8 stones (quivered)
Armour
 a - a +0 animal skin (worn)
Jewellery
 f - a ring of positive energy (left claw)
Scrolls
 b - 3 scrolls of identify {unknown}
 d - a scroll of teleportation {unknown}
 e - a scroll of blinking {unknown}
Potions
 g - a potion of brilliance {unknown}
 h - a potion of curing {unknown}


   Skills:
 + Level 3.1 Fighting
 - Level 2.4 Dodging
 + Level 3.7 Unarmed Combat


You had 2 spell levels left.
You didn't know any spells.
Your spell library was empty.

Dungeon Overview and Level Annotations

Branches:
Dungeon (2/15)

Altars:

Annotations:
D:2 Robin


Innate Abilities, Weirdness & Mutations

You are too large for most types of armour.
You have claws for hands.
Your natural rate of healing is unusually fast.
You are covered in fur. (AC +1)
You have tough skin. (AC +1)


Message History

The goblin barely misses you.
The goblin goes into a battle-frenzy!
The goblin hits you with a +0 dagger.
You are too berserk!
You scratch the goblin.
You kill the goblin!
Trog accepts your kill. The goblin closely misses you.
The goblin hits you with a +0 dagger.
* * * LOW HITPOINT WARNING * * *
The goblin hits you but does no damage. x2; The hobgoblin hits you.
* * * LOW HITPOINT WARNING * * *
You barely miss the goblin. You claw the goblin!
You kill the goblin!
Trog accepts your kill. The hobgoblin closely misses you.
The goblin closely misses you.
The goblin hits you but does no damage. x2; The goblin barely misses you.
You claw the hobgoblin!
You kill the hobgoblin!
Trog accepts your kill. The goblin hits you but does no damage.
The goblin hits you with a +0 dagger of flaming.
* * * LOW HITPOINT WARNING * * *
The goblin burns you.
* * * LOW HITPOINT WARNING * * *
The goblin hits you but does no damage. The goblin barely misses you.
You claw the goblin!
You kill the goblin!
Trog accepts your kill.
You closely miss the goblin. The goblin hits you with a +0 dagger.
* * * LOW HITPOINT WARNING * * *
Something throws the goblin at you! The goblin completely misses you.
Unknown command.
Something hits you but does no damage.
The goblin hits you with a +0 dagger of flaming.
* * * LOW HITPOINT WARNING * * *
The goblin burns you.
* * * LOW HITPOINT WARNING * * *
The goblin hits you with a +0 dagger.
You die...

..........#####.#.##.#######
........### #.............
.....#### ###.##.........:
....# #........)...... ....
#............... ...
#............... ..
#..)............
#..ggg..........
#..)@...........
........$.########.
..####.#..... # #.######..
.. ... ... ....


You could see 3 goblins.

Vanquished Creatures
  An adder (D:2)
  A dart slug (D:1)
  An orc (D:2)
  4 ball pythons
  3 endoplasms
  4 hobgoblins (D:2)
  2 kobolds
  4 bats
  6 goblins
  A rat (D:1)
27 creatures vanquished.

Notes
Turn   | Place    | Note
-------+----------+-------------------------------------------
     0 | D:1      | kevlar127 the Troll Berserker began the quest for the Orb.
     0 | D:1      | Reached XP level 1. HP: 22/22 MP: 0/0
    89 | D:1      | Reached XP level 2. HP: 29/29 MP: 1/1
   437 | D:2      | Reached XP level 3. HP: 33/37 MP: 2/2
   458 | D:2      | Noticed Robin
   472 | D:2      | HP: 2/55 [goblin/+0 dagger of flaming[Robin] (2)]
   472 | D:2      | Slain by a goblin

Illustrated notes

Levels and vault maps discovered:
D:1:      tarquinn_simple_flora_water_f, layout_rooms
D:2:      layout_rooms, minmay_misc_feat_roman, uniq_robin,
          uniq_crazy_yiuf_cottage

Skill      XL: |  1  2 |
---------------+-------+-----
Fighting       | 3 |  3.1
Dodging        | |  2.4
Unarmed Combat | |  3.7

Action                   || total
-------------------------++-------
Melee: Unarmed           ||    53
Invok: Berserk           ||     1
 Stab: Sleeping          ||     1
Armor: Animal skin       ||    34
Dodge: Dodged            ||    45

Table legend: (Time is in decaauts)
 A = Elapsed time spent in this place.
 B = Non-inter-level travel time spent in this place.
 C = Inter-level travel time spent in this place.
 D = Time resting spent in this place.
 E = Time spent auto-exploring this place.
 F = Levels seen in this place.
 G = Mean time per level.
                   A        B        C        D        E       F      G
               +--------+--------+--------+--------+--------+-----+--------+
         Total |    466 |    460 |      6 |      0 |    347 |   2 |  233.0 |
       Dungeon |    466 |    460 |      6 |      0 |    347 |   2 |  233.0 |
               +--------+--------+--------+--------+--------+-----+--------+

Top non-repeatable levels by time:
     D:1: 368 daAuts
     D:2: 98 daAuts
